cohdb
Replays
Latest Replays
All Replays
Popular Replays
Top Player Replays
Match Explorer
How It Works
Community
CoH3 Stats
Reddit
Sign in to upload your games and track your stats! →
Sign in with Steam
Match 45757914
Unlisted
Match 45757914
Overview
Messages
Build Orders
End
Selects Luftwaffe Battlegroup
Selects Luftwaffe Pioneer Support
Fallschirmpioneer Squad Paradrop
Construct Infanterie Kompanie
MG 42 Machine Gun Team
Grenadier Squad
Grenadier Squad
Selects Stuka Strafing Run
Stuka Strafing Run
Construct Luftwaffe Kompanie
Support Elements
Stuka Strafing Run
Wirbelwind Flakpanzer
jenscher89
JewmaN ☜✡☞
Bran
DrewP
0
0
Comments
sign in to comment!
No comments posted yet!